 Dungeon Crawl Stone Soup: Circus Animals version 1.7-37-g2c94cca (webtiles) character file.

112 DarthKuruptios the Magician (level 5, -4/59 HPs) *STANDARD*
             Began as a Deep Elf Summoner on Oct 10, 2016.
             Killed from afar by an orc wizard (10 damage)
             ... with a magic dart
             ... on level 5 of the Dungeon on Oct 11, 2016.
             The game lasted 01:13:24 (5432 turns).

DarthKuruptios the Magician (Deep Elf Summoner)     Turns: 5432, Time: 01:13:24

HP:   -4/59 (59)    AC:  1    Str: 15    XL:     5   Next: 60%
MP:   52/65         EV: 13    Int: 20    God:
Gold: 259           SH:  0    Dex: 18    Spells: 4 memorised, 3 levels left

rFire  + . .     rPois    .     a - +1 dagger
rCold  + . .     rElec    .     b - +0 robe
rNeg   . . .     rCorr    .     (no shield) MagicSh . . . SeeInvis .
                                j - -2 helmet of the Good {rF+ rC+ MR+ Dex+2} (curse) StaminaSh . . . Faith .
                                (no cloak) RegenHP ++........
SustAt .                        (no gloves) RegenSP +++....... Dismiss .
                                g - +0 pair of boots RegenMP ++++...... Reflect .
                                (no amulet)
MR     +....     Harm     .     (no ring)
Stlth  ++........               (no ring)

@: mighty, lethally poisoned (-4 -> -10), tired, slow, somewhat resistant to
hostile enchantments, unstealthy
A: no striking features
a: Release Summoned Creatures


You were on level 5 of the Dungeon.
You were not hungry.

You visited 1 branch of the dungeon, and saw 5 of its levels.

You collected 259 gold pieces.

Inventory:

Hand Weapons
 a - a +1 dagger (weapon)
 c - a +0 short sword
 d - a +0 mace of protection
Armour
 b - a +0 robe (worn)
 e - a +1 helmet
 f - a +2 hat
 g - a +0 pair of boots (worn)
 j - the cursed -2 helmet of the Good (worn) {rF+ rC+ MR+ Dex+2}
   (You found it on level 5 of the Dungeon)

   It affects your dexterity (+2).
   It protects you from fire.
   It protects you from cold.
   It affects your resistance to hostile enchantments.
   It has a curse placed upon it.
   (87)
Wands
 h - a wand of flame (23/48)
 i - a wand of confusion (19/48)
 k - a wand of paralysis (11/24)
Scrolls
 f - 5 scrolls of remove curse
 g - 4 scrolls of teleportation
 h - 3 scrolls of enchant armour
 m - a scroll of amnesia
 o - 2 scrolls of identify
 p - a scroll of blinking
Potions
 b - 2 potions of heal wounds
 c - 4 potions of stamina
 d - 4 potions of magic
 i - 2 potions of cure mutation
 j - 2 potions of brilliance {unknown}
 k - a potion of berserk rage {unknown}
 l - 2 potions of ambrosia
 n - a potion of lignification {unknown}
 q - 2 potions of might
 r - 2 potions of flight {unknown}
 s - a potion of invisibility {unknown}
 t - a potion of agility {unknown}
 u - 2 potions of degeneration {unknown}
 v - a potion of resistance {unknown}
Books
 a - a book of Callings

   Spells                             Type                      Level
   a - Summon Small Mammal            Summoning                    1
   b - Call Imp                       Summoning/Darkness           2
   c - Call Canine Familiar           Summoning/Earth              3
   d - Summon Guardian Golem          Hexes/Summoning/Earth        3
   e - Summon Ice Beast               Ice/Summoning                4
   f - Summon Lightning Spire         Summoning/Air                5


   Skills:
 - Level 2.5 Dodging
 - Level 2.6 Stealth
 + Level 5.4 Spellcasting
 * Level 5.2 Summonings
 * Level 1.1 Air Magic
 * Level 1.2 Earth Magic
 + Level 1.2 Darkness Magic


You had 3 spell levels left.
You knew the following spells:

 Your Spells              Type           Power        Failure   Level  Hunger
a - Summon Small Mammal   Summ           #.........   7%          1    ##.....
b - Call Imp              Summ/Darkness  #.........   13%         2    ##.....
c - Call Canine Familiar  Summ/Erth      #.........   24%         3    ###....
d - Summon Lightning Spi  Summ/Air       #.........   69%         5    ####...


Dungeon Overview and Level Annotations

Branches:
Dungeon (5/7)

Altars:
Pakellas
Trog

Shops:
D:5 :*

Annotations:
D:5 Get to the books in the book store.


Message History

Damage (3) was greater than 30% of your hp (9)!!!
* * * LOW HITPOINT WARNING * * *
You feel very sick.
Your bat barely misses something.
Your bat hits something. (mon hp-1)
Something hits you. (hp-4)
* * * LOW HITPOINT WARNING * * *
You are more poisoned.
You feel better.
Your bat hits something but does no damage.
Your bat completely misses something.
Something hits you but does no damage.
You are poisoned.
Your bat completely misses something.
Something hits you. (hp-5)
* * * LOW HITPOINT WARNING * * *
You feel very mighty all of a sudden. (hp-1)
You feel sick.
Your bat hits something. (mon hp-1)
Something hits you. (hp-3)
* * * LOW HITPOINT WARNING * * *
You are lethally poisoned!
Your quokka bites something but does no damage.
You swap places. (hp-1)
* * * LOW HITPOINT WARNING * * *; You feel sick.
You hear some strange, mumbled words.
A magic dart appears from out of thin air!
The magic dart hits you! (hp-10)
You die...

.............
#.........#........#.
#..............#...#.
#..............#...#.
.######..............#.....
.......................##..
.......................##..
.........rr........#...#...
........##@#########...#...
......)b){r##..........#...
......).8rr##.........##...
...........†...............
.......)...................
...........†...............
...........................
...........................
.................####...###


You could see a friendly lightning spire, 4 friendly quokkas, a friendly bat and
a friendly rat.

Vanquished Creatures
  A giant frog skeleton (D:5)
  2 worker ants
  An orc (D:4)
  A worm (D:3)
  An adder (D:2)
  A goblin (D:2)
  A jackal (D:1)
  A quokka (D:2)
  2 giant newts (D:4)
11 creatures vanquished.

Vanquished Creatures (collateral kills)
  A hippogriff (D:5)
  A phantom (D:4)
  2 ogres (D:4)
  Jessica (D:3)
  3 howler monkeys
  A crimson imp (D:5)
  4 hounds
  3 orc priests (D:4)
  An iguana (D:4)
  2 orc wizards
  8 worker ants
  Terence (D:4)
  5 dart slugs
  Robin (D:2)
  2 giant geckos
  3 gnolls (D:2)
  24 orcs
  6 worms
  9 adders
  4 giant cockroaches
  19 goblins
  10 hobgoblins
  14 jackals
  A quokka (D:2)
  2 shadow imps (D:5)
  2 ball pythons
  11 bats
  7 giant newts
  13 kobolds
  6 rats
167 creatures vanquished.

Vanquished Creatures (others)
  A kobold (D:1)
1 creature vanquished.

Grand Total: 179 creatures vanquished

Notes
Turn   | Place    | Note
-------+----------+-------------------------------------------
     0 | D:1      | DarthKuruptios the Deep Elf Summoner began the quest for the Orb.
     0 | D:1      | Reached XP level 1. HP: 27/27 MP: 175/175
  1016 | D:1      | Reached XP level 2. HP: 35/35 MP: 20/20
  1054 | D:1      | Learned a level 2 spell: Call Imp
  1642 | D:2      | Reached XP level 3. HP: 28/43 MP: 13/13
  1748 | D:2      | Learned a level 3 spell: Call Canine Familiar
  1846 | D:2      | Noticed Robin
  1851 | D:2      | Killed Robin
  2303 | D:2      | Found a bloodstained altar of Trog.
  2700 | D:3      | Reached XP level 4. HP: 51/51 MP: 4/4
  2979 | D:3      | Reached skill level 5 in Spellcasting
  3106 | D:3      | Noticed Jessica
  3110 | D:3      | Killed Jessica
  3232 | D:4      | Noticed Terence
  3245 | D:4      | Killed Terence
  3263 | D:4      | Found an oddly glowing altar of Pakellas.
  3315 | D:4      | Noticed a phantom
  3358 | D:4      | Killed a phantom
  3358 | D:4      | Reached skill level 1 in Darkness Magic
  3432 | D:4      | Reached skill level 5 in Summonings
  3871 | D:4      | Reached XP level 5. HP: 55/59 MP: 10/10
  3878 | D:4      | Learned a level 5 spell: Summon Lightning Spire
  5192 | D:5      | Entered Level 5 of the Dungeon
  5192 | D:5      | Found Lobonera's General Store.
  5223 | D:5      | Reached skill level 1 in Earth Magic
  5224 | D:5      | Reached skill level 1 in Air Magic
  5292 | D:5      | Found Dif Vur's Book Shoppe.
  5304 | D:5      | Got a jewelled helmet
  5315 | D:5      | Identified the cursed -2 helmet of the Good {rF+ rC+ MR+ Dex+2} (You found it on level 5 of the Dungeon)
  5361 | D:5      | Noticed a hippogriff
  5370 | D:5      | Killed a hippogriff
  5429 | D:5      | HP: 5/59 [something]
  5432 | D:5      | Killed from afar by an orc wizard

Skill      XL: |  1  2  3  4  5 |
---------------+----------------+-----
Spellcasting   | 4 5 |  5.4
Darkness Magic | 1 |  1.2
Summonings     | 5 |  5.2
Earth Magic    | 1 |  1.2
Air Magic      | 1 |  1.1
Dodging        | |  2.5
Stealth        | |  2.6

Action                   |  1- 3 |  4- 6 || total
-------------------------+-------+-------++-------
Melee: Dagger            |    31 |   109 ||   140
 Cast: Summon Small Mamm |    28 |     5 ||    33
       Call Imp          |    15 |       ||    15
       Call Canine Famil |    19 |    28 ||    47
       Summon Lightning  |       |     7 ||     7
 Abil: Release Summoned  |     3 |     9 ||    12
Evoke: Wand              |       |     1 ||     1
  Use: Scroll            |     9 |     6 ||    15
       Potion            |       |     8 ||     8
 Stab: Distracted        |     1 |     2 ||     3
Armor: Robe              |    26 |    17 ||    43
Dodge: Dodged            |   113 |   113 ||   226
